 Dungeon Crawl Stone Soup version 0.29-a0-529-gfa20dd96a1 (webtiles) character file.

Game seed: 8840275461889736736

30 Flugkiller the Skirmisher (level 3, -1/36 HPs)
             Began as a Meteoran Chaos Knight on June 1, 2022.
             Was a Plaything of Xom.
             Succumbed to an adder's poison
             ... on level 2 of the Dungeon.
             The game lasted 00:02:11 (498 turns).

Flugkiller the Skirmisher (Meteoran Chaos Knight)    Turns: 498, Time: 00:02:12

Health: -1/36      AC:  5    Str: 15    XL:     3   Next: 58%
Magic:  4/4        EV: 12    Int: 13    God:    Xom [.*....]
Gold:   32         SH:  0    Dex: 14    Spells: 2/2 levels left

rFire   . . .      SeeInvis .   f - +0 flail
rCold   . . .      Faith    .   (no shield)
rNeg    . . .      Spirit   .   b - +2 leather armour
rPois   .          Reflect  .   (no helmet)
rElec   .          Harm     .   (no cloak)
rCorr   +          Rampage  .   (no gloves)
Will    .....                   (no boots)
Stlth   +.........              (no amulet)
HPRegen 0.12/turn               d - ring of resist corrosion
MPRegen 0.09/turn               (no ring)

@: mighty, brilliant, lethally poisoned (-1 -> -4), glowing
A: sense surroundings 1, otherworldly, glowing, explore regen, iridescent scales
1, deformed body, deterioration 1, robust 1, MP-powered wands
a: Renounce Religion


You were on level 2 of the Dungeon.
You worshipped Xom.
You were a plaything of Xom.
You visited 1 branch of the dungeon, and saw 4 of its levels.

You collected 32 gold pieces.

Inventory:

Hand Weapons
 a - a +0 hand axe of chaos
 f - a +0 flail (weapon)
   (You found it on level 3 of the Dungeon)
Missiles
 h - 5 javelins
Armour
 b - a +2 leather armour (worn)
Jewellery
 d - a ring of resist corrosion (left hand)
   (You found it on level 1 of the Dungeon)
Potions
 e - a potion of brilliance
Miscellaneous
 c - a piece from Xom's chessboard (15/15) (quivered)


   Skills:
 + Level 4.0 Fighting
 - Level 3.6 Axes
 - Level 2.4 Armour
 + Level 2.7 Dodging


You had 2 spell levels left.
You didn't know any spells.
Your spell library was empty.

Dungeon Overview and Level Annotations

Branches:
Dungeon (4/15)
 Temple: D:4-7

Altars:


Innate Abilities, Weirdness & Mutations

You passively map a small area around you.
You are easily found by Zot.
You glow in the dark.
You regain HP and MP as you explore.
You are partially covered in iridescent scales. (AC +2)
Armour fits poorly on your strangely shaped body.
Your body sometimes deteriorates upon taking damage.
You are robust. (+10% HP)
You expend magic power (3 MP) to strengthen your wands.


Message History

The adder is moderately wounded.
The adder bites you but does no damage. The adder barely misses you.
You miss the adder.
The adder is moderately wounded.
The adder bites you but does no damage.
You barely miss the adder.
The adder is moderately wounded.
The adder bites you but does no damage. The adder closely misses you.
You barely miss the adder.
The adder is moderately wounded.
The adder barely misses you. The adder closely misses you.
You hit the adder.
The adder is heavily wounded.
The adder bites you but does no damage.
You closely miss the adder.
The adder is heavily wounded.
The adder closely misses you. x2
You hit the adder but do no damage.
The adder is heavily wounded.
The adder bites you but does no damage. The adder barely misses you.
You miss the adder.
The adder is heavily wounded.
The adder bites you.
You are poisoned.
The adder poisons you!
You hit the adder.
The adder is severely wounded.
You feel sick. The adder bites you. x2
You are more poisoned.
The adder poisons you!
You miss the adder.
The adder is severely wounded.
You feel very sick. The adder barely misses you. x2
You are too injured to fight recklessly!
You are too injured to fight recklessly!
You are too injured to fight recklessly!
You are too injured to fight recklessly!
You are too injured to fight recklessly!
You are too injured to fight recklessly!
You are too injured to fight recklessly!
You are too injured to fight recklessly!
Unknown command.
You barely miss the adder.
The adder is severely wounded.
You feel sick. The adder closely misses you.
You barely miss the adder.
The adder is severely wounded.
You feel sick. The adder barely misses you. The adder closely misses you.
You closely miss the adder.
The adder is severely wounded.
You feel sick. The adder bites you.
You are more poisoned.
The adder poisons you! The adder closely misses you.
You closely miss the adder.
The adder is severely wounded.
You feel sick. The adder barely misses you. The adder bites you.
You barely miss the adder.
The adder is severely wounded.
You feel sick. The adder closely misses you.
You barely miss the adder.
The adder is severely wounded.
You feel sick. The adder bites you.
* * * LOW HITPOINT WARNING * * *
The adder misses you.
Unknown command.
It was a potion of brilliance.
You feel clever all of a sudden.
You feel sick. The adder barely misses you.
It was a potion of might.
You feel very mighty all of a sudden.
Xom roars with laughter!
You feel sick. The adder completely misses you.
Unknown command.
You miss the adder.
The adder is severely wounded.
You feel sick.
You are no longer poisoned.
You are now a plaything of Xom.
The adder bites you but does no damage. The adder barely misses you.
You miss the adder.
The adder is severely wounded.
The adder bites you but does no damage. The adder closely misses you.
You closely miss the adder.
The adder is severely wounded.
The adder bites you but does no damage.
You completely miss the adder.
The adder is severely wounded.
The adder bites you but does no damage. The adder closely misses you.
You completely miss the adder.
The adder is severely wounded.
The adder bites you.
* * * LOW HITPOINT WARNING * * *
You are lethally poisoned!
The adder poisons you! The adder barely misses you.
Unknown command.
You miss the adder.
The adder is severely wounded.
You die...
Xom chortles!

##### * #
.....$#### . ,,
.........# # *
.....##### ,
#...## .# *
,*#...###.# ,
#... #.., # #...
#.# * ###.*#...
#@#
....##..###S# *
, ..........br##
.............# ,
..###.r###.....#
* * #...##..####
#...##..#
#...##.|#
#.......#


You could see an adder, a bat and a rat.

Vanquished Creatures
  A dart slug (D:3)
  3 ball pythons
  An endoplasm (D:3)
  2 giant cockroaches
  A hobgoblin (D:1)
  4 jackals
  3 kobolds
  A quokka (D:2)
  3 frilled lizards
  3 goblins
  5 rats
27 creatures vanquished.

Notes
Turn   | Place    | Note
-------+----------+-------------------------------------------
     0 | D:1      | Flugkiller the Meteoran Chaos Knight began the quest for
                  | the Orb.
     0 | D:1      | Reached XP level 1. HP: 19/19 MP: 2/2
    70 | D:1      | XOM: silly message
    74 | D:1      | Reached XP level 2. HP: 19/26 MP: 3/3
    80 | D:1      | Xom revived you
    85 | D:1      | Gained mutation: You are partially covered in iridescent
                  | scales. (AC +2) [potion of mutation]
    85 | D:1      | Gained mutation: You expend magic power (3 MP) to
                  | strengthen your wands. [potion of mutation]
    85 | D:1      | Gained mutation: You have hidden genetic defects. [potion
                  | of mutation]
    85 | D:1      | Gained mutation: You are robust. (+10% HP) [potion of
                  | mutation]
    85 | D:1      | XOM: repel stairs
    86 | D:1      | Xom revived you
    88 | D:1      | XOM: enchant monster (bad)
    98 | D:1      | HP: 1/28 [jackal (2)]
   113 | D:2      | Gained mutation: Your body sometimes deteriorates upon
                  | taking damage. [hidden defects]
   163 | D:2      | Found a faded altar of an unknown god.
   170 | D:2      | XOM: confusion (+ monsters)
   194 | D:2      | Gained mutation: Armour fits poorly on your strangely
                  | shaped body. [hidden defects]
   194 | D:2      | Lost mutation: You have hidden genetic defects. [hidden
                  | defects expressed]
   246 | D:3      | Reached XP level 3. HP: 36/36 MP: 4/4
   373 | D:3      | XOM: noise
   381 | D:3      | Reached skill level 4 in Fighting
   459 | D:2      | XOM: 5-stop teleportation journey
   497 | D:2      | HP: 1/36 [adder (2)]
   498 | D:2      | Succumbed to an adder's poison

Illustrated notes

Levels and vault maps discovered:
D:1:      dpeg_arrival_simpleton_c, layout_basic
D:2:      layout_basic, chequers_ecumenical_altar_simple
D:3:      layout_basic, mainiacjoe_overflow_catwalk, nrook_uturn
D:4:      layout_basic, nicolae_dithmenos_the_darkroom, kennysheep_another_room,
          moated_statue, uniq_pikel, uniq_natasha

Skill      XL: |  1  2  3 |
---------------+----------+-----
Dodging        | 2 |  2.7
Fighting       | 4 |  4.0
Axes           | |  3.6
Armour         | |  2.4

Action                   || total
-------------------------++-------
Melee: Hand axe          ||    37
       Flail             ||    55
  Use: Potion            ||     4
Armor: Leather armour    ||    51
Dodge: Dodged            ||    78

Table legend: (Time is in decaauts)
 A = Elapsed time spent in this place.
 B = Non-inter-level travel time spent in this place.
 C = Inter-level travel time spent in this place.
 D = Time resting spent in this place.
 E = Time spent auto-exploring this place.
 F = Levels seen in this place.
 G = Mean time per level.
                   A        B        C        D        E       F      G
               +--------+--------+--------+--------+--------+-----+--------+
         Total |    516 |    516 |      0 |     12 |      0 |   4 |  129.0 |
       Dungeon |    516 |    516 |      0 |     12 |      0 |   4 |  129.0 |
               +--------+--------+--------+--------+--------+-----+--------+

Top non-repeatable levels by time:
     D:3: 225 daAuts
     D:2: 189 daAuts
     D:1: 96 daAuts
     D:4: 5 daAuts
